 Dungeon Crawl Stone Soup version 0.21-a0-278-ga722497 (console) character file.

10688 removed the Carver (level 11, -13/89 HPs)
             Began as a Demigod Necromancer on Sept 20, 2017.
             Mangled by a minotaur (33 damage)
             ... in a labyrinth.
             The game lasted 00:44:26 (16340 turns).

removed the Carver (Demigod Necromancer)           Turns: 16340, Time: 00:44:27

Health: -13/89     AC:  5    Str:  6    XL:     11   Next: 17%
Magic:  16/24      EV: 18    Int: 35    God:
Gold:   639        SH:  3    Dex: 20    Spells: 11/22 levels left

rFire    + . .     SeeInvis .   a - +1 scimitar (drain)
rCold    . . .     Gourm    .   (no shield)
rNeg     . . .     Faith    .   q - +1 robe
rPois    +         Spirit   .   (no helmet)
rElec    .         Reflect  +   (no cloak)
rCorr    +         Harm     .   N - +0 pair of gloves
MR       +....                  (no boots)
Stlth    ++........             L - +3 amulet of reflection
HPRegen  1.24/turn              D - ring of Pride {rCorr rF+ Str-5 Int+6 Dex+4}
MPRegen  0.19/turn              Y - ring of Moderation {rPois AC+1 Int+4}

@: regenerating
A: high mp 1
a: no special abilities


You were in a labyrinth.
You were not hungry.

You visited 1 branch of the dungeon, and saw 12 of its levels.
You also visited: Labyrinth.

You collected 639 gold pieces.

Inventory:

Hand Weapons
 a - a +1 scimitar of draining (weapon)
 b - a +0 great sword of protection
 j - a +0 whip
 X - a +0 trident
Missiles
 M - 2 throwing nets (quivered)
Armour
 q - a +1 robe (worn)
 F - a +0 leather armour of fire resistance
 N - a +0 pair of gloves (worn)
 Q - a +2 shield
Jewellery
 y - a +4 ring of strength {unknown}
 D - the ring of Pride (left hand) {rCorr rF+ Str-5 Int+6 Dex+4}
   (You found it on level 4 of the Dungeon)

   [ring of resist corrosion]

   It affects your strength (-5).
   It affects your intelligence (+6).
   It affects your dexterity (+4).
   It protects you from fire.
 L - a +3 amulet of reflection (around neck)
 Y - the ring of Moderation (right hand) {rPois AC+1 Int+4}
   (You found it on level 10 of the Dungeon)

   [ring of protection]

   It affects your AC (+1).
   It affects your intelligence (+4).
   It protects you from poison.
Wands
 u - a wand of confusion (31/48)
 v - a wand of iceblast (11/15)
 H - a wand of paralysis (9/24)
 O - a wand of confusion (32/48)
 P - a wand of polymorph (0/24)
 T - a wand of iceblast (11/15)
Scrolls
 t - a scroll of fog
 x - a scroll of identify
 C - a scroll of amnesia {unknown}
 I - 2 scrolls of recharging
 K - 3 scrolls of teleportation
 V - 2 scrolls of immolation
 Z - a scroll of enchant weapon
Potions
 f - 4 potions of agility
 w - 3 potions of curing
 A - a potion of heal wounds {unknown}
 E - 6 potions of might
 G - a potion of lignification
 R - a potion of haste
 W - a potion of flight
Books
 z - a book of Changes

   Spells                             Type                      Level
   a - Beastly Appendage              Transmutation                1
   b - Sticks to Snakes               Transmutation                2
   c - Spider Form                    Transmutation/Poison         3
   d - Ice Form                       Ice/Transmutation            4
   e - Blade Hands                    Transmutation                5
 B - a book of Necromancy

   Spells                             Type                      Level
   a - Pain                           Necromancy                   1
   b - Animate Skeleton               Necromancy                   1
   c - Vampiric Draining              Necromancy                   3
   d - Regeneration                   Charms/Necromancy            3
   e - Animate Dead                   Necromancy                   4
   f - Control Undead                 Necromancy                   4
 J - a book of Callings

   Spells                             Type                      Level
   a - Summon Small Mammal            Summoning                    1
   b - Call Imp                       Summoning                    2
   c - Call Canine Familiar           Summoning                    3
   d - Summon Guardian Golem          Hexes/Summoning              3
   e - Summon Lightning Spire         Summoning/Air                4
   f - Summon Ice Beast               Ice/Summoning                4
Comestibles
 c - 6 bread rations
 n - 15 fruits
 o - 6 meat rations
 U - 5 royal jellies


   Skills:
 - Level 6.0 Fighting
 - Level 10.0 Long Blades
 + Level 7.1 Dodging
 - Level 1.7 Stealth
 - Level 6.1 Spellcasting
 - Level 8.1 Necromancy


You had 11 spell levels left.
You knew the following spells:

 Your Spells              Type           Power        Failure   Level  Hunger
a - Pain                  Necr           ####         1%          1    None
b - Vampiric Draining     Necr           ######....   1%          3    None
c - Control Undead        Necr           ######....   1%          4    ##.....
e - Regeneration          Chrm/Necr      #####.....   1%          3    None


Dungeon Overview and Level Annotations

Branches:
Dungeon (14/15)            Temple (0/1) D:4             Orc (0/2) D:10
   Lair: D:8-11      Vaults: D:13-14

Shops:
D:7 %   D:8 =

Annotations:
D:7 exclusion: downstairs
D:8 exclusion: two-headed ogre
D:11 exclusions: cyclops and two-headed ogre


Innate Abilities, Weirdness & Mutations

You have an increased reservoir of magic. (+10% MP)


Message History

Your minotaur gores the minotaur but does no damage.
Casting: Vampiric Draining
Confirm with . or Enter, or press ? or * to list all spells.
Aiming: Vampiric Draining
Press: ? - help, Shift-Dir - straight line, f/p - minotaur
Aim: a minotaur (heavily wounded)
The minotaur is severely wounded.
You feel life coursing into your body. The minotaur hits you!!
The minotaur gores you!
* * * LOW HITPOINT WARNING * * *
Your minotaur barely misses the minotaur.
Your minotaur gores the minotaur.
Unknown command.
There is an open door, spattered with blood here.
Press: ? - help, v - describe, . - travel
Here: a minotaur (severely wounded)
The floor, spattered with blood.
Your minotaur shimmers and vanishes!
The minotaur hits you!!
You die...

. #. . . # ##### .
# # #.#.. # . ###
#.#.### ... #.#...
#. #.#.### . # ..
#...#.# . . ####
#####.#.#.#
#.#...#
#....@H...#
.#.#.###..#####'##
# ..# .....# #.# #
# #### .# '# #..#
<.. #. # ...⌠+ ..#
+⌠...# #..# #..⌠.#
.. # ###+##


You could see a minotaur.

Vanquished Creatures
  A wizard (D:14)
  An unseen horror (D:14)
  Joseph (D:7)
  2 gargoyles
  A komodo dragon (D:11)
  A troll (D:10)
  2 minotaur skeletons (Lab)
  A redback (Lab)
  2 wyverns
  11 yaks
  4 hogs
  A human (D:8)
  4 hungry ghosts
  A soldier ant (D:14)
  A water moccasin (D:9)
  An ice beast (D:10)
  3 orc warriors
  A black bear (D:9)
  3 phantoms
  2 sky beasts
  An eye of draining (D:11)
  2 ogres
  A crocodile (D:11)
  3 centaurs
  A big kobold (D:9)
  10 bullfrogs
  2 scorpions
  8 killer bees
  A wight (D:10)
  4 crimson imps
  6 howler monkeys
  A centaur zombie (D:8)
  2 bullfrog zombies (D:6)
  2 jellies
  7 hounds
  4 orc priests
  9 orc wizards
  3 centaur skeletons
  Terence (D:2)
  2 iguanas
  10 worker ants
  A hound zombie (D:5)
  2 hound skeletons
  7 gnolls
  A howler monkey skeleton (D:5)
  12 adders
  4 shadow imps
  An adder skeleton (D:4)
  2 worms
  A dart slug (D:3)
  9 leopard geckos
  37 orcs
  3 giant cockroaches
  4 goblins
  6 hobgoblins
  14 jackals
  6 quokkas
  3 ball pythons
  4 bats
  3 frilled lizards
  A jackal skeleton (D:6)
  14 kobolds
  A kobold (shapeshifter) (D:11)
  2 quokka zombies
  8 rats
270 creatures vanquished.

Vanquished Creatures (collateral kills)
  3 wights (D:10)
3 creatures vanquished.

Grand Total: 273 creatures vanquished

Notes
Turn   | Place    | Note
-------+----------+-------------------------------------------
     0 | D:1      | removed the Demigod Necromancer began the quest for the Orb.
     0 | D:1      | Reached XP level 1. HP: 14/14 MP: 5/5
   506 | D:1      | Reached XP level 2. HP: 10/20 MP: 0/7
  1355 | D:2      | Reached XP level 3. HP: 21/26 MP: 4/8
  1394 | D:2      | Learned a level 3 spell: Vampiric Draining
  1600 | D:2      | Found a sacrificial altar of Ru.
  1607 | D:2      | Noticed Terence
  1958 | D:2      | Found an ornate altar of the Wu Jian Council.
  1979 | D:2      | Reached skill level 5 in Necromancy
  1979 | D:2      | Reached XP level 4. HP: 19/33 MP: 2/9
  2339 | D:2      | Killed Terence
  2574 | D:2      | Found a hide-covered altar of Uskayaw.
  3127 | D:3      | Reached XP level 5. HP: 35/38 MP: 5/10
  3331 | D:3      | Found a deep blue altar of Sif Muna.
  4129 | D:4      | Found a sacrificial altar of Ru.
  4129 | D:4      | Found a shattered altar of Ashenzari.
  4326 | D:4      | Got an ancient wooden ring
  4444 | D:4      | Reached XP level 6. HP: 42/45 MP: 8/14
  4474 | D:4      | Found a staircase to the Ecumenical Temple.
  4788 | D:5      | Entered Level 5 of the Dungeon
  5326 | D:4      | Identified the ring of Pride {rCorr rF+ Str-5 Int+6 Dex+4} (You found it on level 4 of the Dungeon)
  5553 | D:4      | Learned a level 3 spell: Regeneration
  5784 | D:5      | Reached XP level 7. HP: 43/50 MP: 7/16
  6538 | D:5      | Learned a level 4 spell: Control Undead
  6728 | D:6      | Reached skill level 1 in Fighting
  7594 | D:7      | Found a bloodstained altar of Trog.
  7594 | D:7      | Noticed a two-headed ogre
  7596 | D:7      | Noticed Joseph
  7662 | D:6      | Reached XP level 8. HP: 48/66 MP: 10/17
  8281 | D:7      | Killed Joseph
  8281 | D:7      | Reached skill level 5 in Spellcasting
  8990 | D:7      | Found Ofuqu's Food Boutique.
  9310 | D:8      | Found Litaom's Jewellery Emporium.
  9349 | D:8      | Reached skill level 5 in Dodging
  9764 | D:7      | Reached skill level 5 in Fighting
  9764 | D:7      | Reached XP level 9. HP: 46/74 MP: 15/22
 10174 | D:8      | Noticed a two-headed ogre
 10366 | D:8      | Noticed a two-headed ogre
 10705 | D:8      | Reached skill level 1 in Long Blades
 10959 | D:8      | Reached skill level 2 in Long Blades
 11130 | D:9      | Reached skill level 3 in Long Blades
 11359 | D:9      | Reached skill level 4 in Long Blades
 11648 | D:9      | Noticed a two-headed ogre
 11768 | D:8      | Reached skill level 5 in Long Blades
 12539 | D:8      | Reached skill level 6 in Long Blades
 12775 | D:9      | Found a shadowy altar of Dithmenos.
 12841 | D:9      | Paralysed by a centaur for 5 turns
 12845 | D:9      | HP: 1/74 [water moccasin (8)]
 12847 | D:9      | Reached XP level 10. HP: 13/81 MP: 16/23
 12850 | D:9      | Reached skill level 7 in Long Blades
 13361 | D:10     | Entered Level 10 of the Dungeon
 13381 | D:10     | Got a scorched marble ring
 13640 | D:10     | Identified the ring of Moderation {rPois AC+1 Int+4} (You found it on level 10 of the Dungeon)
 13660 | D:10     | Reached skill level 8 in Long Blades
 13787 | D:10     | Noticed a two-headed ogre
 13905 | D:10     | Found a staircase to the Orcish Mines.
 14209 | D:10     | Reached skill level 9 in Long Blades
 14360 | D:10     | Found a shimmering altar of Xom.
 14361 | D:10     | Found a shimmering altar of Xom.
 14361 | D:10     | Found a shimmering altar of Xom.
 14361 | D:10     | Found a shimmering altar of Xom.
 14733 | D:10     | Noticed an elephant
 14933 | D:10     | Noticed an elephant
 14934 | D:10     | Noticed a sea snake
 14934 | D:10     | a redback changed into a sea snake
 14936 | D:10     | Noticed a mana viper
 14936 | D:10     | an elephant changed into a mana viper
 14945 | D:10     | Noticed a glowing orange brain
 14955 | D:10     | Noticed a manticore
 15150 | D:11     | Noticed a two-headed ogre
 15232 | D:11     | Reached skill level 10 in Long Blades
 15318 | D:11     | Noticed a cyclops
 15527 | D:11     | You fall through a shaft for 3 floors!
 15548 | D:14     | Killed an unseen horror
 15557 | D:14     | Noticed a cyclops
 15598 | D:14     | Noticed a wizard
 15607 | D:14     | Killed a wizard
 15607 | D:14     | Reached XP level 11. HP: 56/89 MP: 0/24
 15741 | D:14     | Found a labyrinth entrance.
 15780 | Lab      | Entered a labyrinth
 16330 | Lab      | Noticed a minotaur
 16340 | Lab      | Mangled by a minotaur

Vault maps used:
D:1:      matt_arrival_refuge
D:2:      nicolae_overflow_hidden_temple, nicolae_overflow_crystal_walls,
          nicolae_ru_great_annihilating_truth, uniq_terence
D:3:      led_sif_pool
D:4:      gammafunk_temple_overflow_wave, minmay_temple_entry_overgrown
D:5:      first_bread, minmay_splitting_lines
D:6:      grunt_ministairs_1
D:7:      basic_altar, serial_shops, nicolae_shop_window_shopping, uniq_joseph
D:8:      serial_shops, shop, grunt_livestock
D:9:      lemuel_round_altar
D:10:     orc_0_dummy, xom_shifter_show
D:11:     david_lair_shrubbed
D:14:     lab_entry_generic, eino_tiny_chamber, lightli_church_of_beogh
Lab:      labyrinth_hidden_loot, nicolae_lab_x, nicolae_lab_blocks,
          nicolae_lab_hexagon, nicolae_lab_grate, nicolae_lab_flowing_pool

Skill      XL: |  1  2  3  4  5  6  7  8  9 10 11 |
---------------+----------------------------------+-----
Necromancy     | 4 5 6 7 8 |  8.1
Spellcasting   | 3 4 6 |  6.1
Dodging        | 3 4 5 6 7 |  7.1
Fighting       | 4 5 6 |  6.0
Long Blades    | 6 10 | 10.0
Stealth        | |  1.7

Action                   |  1- 3 |  4- 6 |  7- 9 | 10-12 || total
-------------------------+-------+-------+-------+-------++-------
Melee: Quarterstaff      |       |    26 |    79 |       ||   105
       Trident           |       |     9 |    20 |       ||    29
       Great sword       |       |       |   125 |   160 ||   285
       Scimitar          |       |       |       |   180 ||   180
 Cast: Pain              |    77 |   151 |   221 |    62 ||   511
       Vampiric Draining |       |     3 |    30 |    29 ||    62
       Control Undead    |       |       |    10 |     5 ||    15
       Regeneration      |       |       |    10 |    20 ||    30
Evoke: Wand              |       |       |       |     9 ||     9
       Phantom mirror    |       |       |       |     1 ||     1
  Use: Scroll            |       |     9 |     4 |     9 ||    22
       Potion            |       |     1 |     3 |     1 ||     5
 Stab: Sleeping          |       |     1 |     2 |     1 ||     4
       Invisible         |       |     1 |     5 |     2 ||     8
       Paralysed         |       |       |       |    19 ||    19
       Distracted        |       |       |       |     1 ||     1
  Eat: Chunk             |     4 |    11 |    24 |    13 ||    52
       Royal jelly       |       |     1 |       |     1 ||     2
       Meat ration       |       |       |       |     1 ||     1
       Fruit             |       |       |       |     1 ||     1
Armor: Robe              |     5 |    15 |    67 |    57 ||   144
Dodge: Dodged            |    10 |    39 |   289 |   255 ||   593
Block: Other             |       |       |    25 |    44 ||    69
       Reflection        |       |       |       |     2 ||     2
       Rpst.: Great sword |       |       |    28 |    50 ||    78
       Scimitar          |       |       |       |    33 ||    33

Table legend:
 A = Spawn XP
 B = Non-spawn XP
 C = Spawn XP percentage of total XP
 D = Spawn monster count
 E = Non-spawn monster count
 F = Spawn count percentage of total count
 G = Total turns spent on level
                    A         B        C        D         E        F      G
               +---------+---------+-------+---------+---------+-------+---------
         Total |       0 |   15269 |   0.0 |       0 |     271 |   0.0 | 16340
               +---------+---------+-------+---------+---------+-------+---------
           D:1 |       0 |      42 |   0.0 |       0 |      24 |   0.0 |  1163
           D:2 |       0 |     150 |   0.0 |       0 |      23 |   0.0 |  1556
           D:3 |       0 |     187 |   0.0 |       0 |      23 |   0.0 |  1055
           D:4 |       0 |     191 |   0.0 |       0 |      12 |   0.0 |  1414
           D:5 |       0 |     574 |   0.0 |       0 |      30 |   0.0 |  1383
           D:6 |       0 |    1006 |   0.0 |       0 |      27 |   0.0 |  2062
           D:7 |       0 |    1564 |   0.0 |       0 |      18 |   0.0 |  1650
           D:8 |       0 |    1698 |   0.0 |       0 |      21 |   0.0 |  1754
           D:9 |       0 |    1644 |   0.0 |       0 |      19 |   0.0 |  1324
          D:10 |       0 |    3363 |   0.0 |       0 |      34 |   0.0 |  1832
          D:11 |       0 |    1423 |   0.0 |       0 |      26 |   0.0 |   334
          D:14 |       0 |    1917 |   0.0 |       0 |       8 |   0.0 |   253
           Lab |       0 |    1510 |   0.0 |       0 |       6 |   0.0 |   560
               +---------+---------+-------+---------+---------+-------+---------
